 Dungeon Crawl Stone Soup version 0.28-a0-1389-gc726bef33b (webtiles) character file.

Game seed: 15395014324326764048

1043 Deminshera the Caller (level 8, -7/60 HPs)
             Began as an Ogre Summoner on Jan 3, 2022.
             Was a Follower of Hepliaklqana.
             Shot with an arrow by a centaur (8 damage)
             ... on level 5 of the Dungeon.
             The game lasted 00:07:43 (8848 turns).

Deminshera the Caller (Ogre Summoner)               Turns: 8848, Time: 00:07:44

Health: -7/60      AC:  4    Str: 13    XL:     8   Next: 25%
Magic:  10/15      EV: 10    Int: 18    God:    Hepliaklqana [*.....]
Gold:   250        SH:  0    Dex:  9    Spells: 7/17 levels left

rFire   . . .      SeeInvis +   g - +1 short sword (protect)
rCold   . . .      Faith    .   (no shield)
rNeg    . . .      Spirit   .   a - +1 robe
rPois   .          Reflect  .   (helmet restricted)
rElec   .          Harm     .   (no cloak)
rCorr   .          Rampage  .   (gloves unavailable)
Will    .....                   (boots unavailable)
Stlth   ++........              (no amulet)
HPRegen 0.20/turn               l - ring of see invisible
MPRegen 0.14/turn               (no ring)

@: no status effects
A: reduced essence, large, unfitting armour, tough skin 1
a: Renounce Religion, Recall Ancestor, Ancestor Identity


You were on level 5 of the Dungeon.
You worshipped Hepliaklqana.
Hepliaklqana was aware of your devotion.
You visited 1 branch of the dungeon, and saw 5 of its levels.

You collected 250 gold pieces.

Inventory:

Hand Weapons
 d - a +0 dagger of speed
 g - a +1 short sword of protection (weapon)
Armour
 a - a +1 robe (worn)
Jewellery
 c - an amulet of guardian spirit
 l - a ring of see invisible (left hand)
Wands
 j - a wand of polymorph (4)
 o - a wand of paralysis (7)
Scrolls
 e - 2 scrolls of enchant armour
 m - 3 scrolls of teleportation
Potions
 b - 2 potions of curing {unknown}
 f - a potion of flight {unknown}
 h - a potion of cancellation {unknown}
 i - a potion of brilliance {unknown}
 k - a potion of mutation {unknown}
 p - a potion of heal wounds {unknown}
 q - a potion of attraction {unknown}
 r - a potion of ambrosia {unknown}


   Skills:
 - Level 2.0 Dodging
 - Level 2.0 Stealth
 + Level 5.2 Spellcasting
 + Level 6.1 Summonings
 + Level 5.3 Air Magic


You had 7 spell levels left.
You knew the following spells:

 Your Spells              Type           Power      Damage    Failure   Level
a - Summon Small Mammal   Summ           100%       N/A       1%          1
b - Call Imp              Summ           26%        N/A       1%          2
c - Call Canine Familiar  Summ           26%        N/A       3%          3
d - Summon Lightning Spi  Summ/Air       25%        N/A       12%         4

Your spell library contained the following spells:

 Spells                   Type           Power      Damage    Failure   Level
 Summon Guardian Golem    Hex/Summ       15%        N/A       11%         3
 Animate Dead             Necr           2%         N/A       78%         4
 Borgnjor's Vile Clutch   Necr/Erth      2%         N/A       98%         5
 Death Channel            Necr           2%         N/A       100%        6


Dungeon Overview and Level Annotations

Branches:
Dungeon (5/15)
 Temple: D:4-7

Altars:
Hepliaklqana
Qazlal


Innate Abilities, Weirdness & Mutations

Your life essence is reduced to manifest your ancestor. (-10% HP)
You are too large for most types of armour.
You have tough skin. (AC +1)


Message History

An orc comes into view. It is wielding a +0 club.
The orc shouts! 2 orcs come into view.
Found a kite shield.
The orc shouts! x2
The centaur shoots an arrow.
The arrow hits you!
Casting: Call Canine Familiar (dangerous; 3% risk of failure)
Confirm with . or Enter, or press ? or * to list all spells.
An electric hum fills the air.
The ogre hits your hound with a +0 giant spiked club!!
Your hound dies!
Your hound's corpse disappears in a puff of smoke!
Zoran hits the ogre.
The centaur shoots an arrow.
The arrow misses you.
The centaur shoots an arrow.
The arrow barely misses you.
The ogre hits Zoran with a +0 giant spiked club!!
Zoran hits the ogre.
Something hits your lightning spire but does no damage.
The centaur shoots an arrow.
The arrow closely misses you.
Zoran hits the ogre but does no damage.
The centaur shoots an arrow.
The arrow barely misses you.
The ogre hits Zoran with a +0 giant spiked club!
Zoran is destroyed!
The centaur shoots an arrow.
The arrow hits you!
The centaur shoots an arrow.
The arrow hits you!
The centaur shoots an arrow.
The arrow closely misses you.
The centaur shoots an arrow.
The arrow closely misses you.
The centaur shoots an arrow.
The arrow hits you!
The centaur shoots an arrow.
The arrow barely misses you.
Casting: Summon Lightning Spire (dangerous; 12% risk of failure)
Confirm with . or Enter, or press ? or * to list all spells.
An electric hum fills the air.
The centaur shoots an arrow.
The arrow barely misses you.
The centaur shoots an arrow.
The arrow barely misses you.
The centaur shoots an arrow.
The arrow hits you.
The centaur shoots an arrow.
The arrow hits you!
* * * LOW HITPOINT WARNING * * *
The centaur shoots an arrow.
The arrow hits you!
* * * LOW HITPOINT WARNING * * *
The centaur shoots an arrow.
The arrow hits you!
You die...

..##...# ##.##............#
.###...# #c.##............## ##
#...# ######.####.............
.###...###...##.8###....†........
..##...##.....##.................
...#...#.......#...........†.....
...'...'.†.....#....##...........
...#...#.......#.....#...........
..##...##.....##@....#...........
.###..)###...##......#...........
## #...# ######......#......#####
.###...###...##.............#
..##...##.....##............#
...#...#.....(.#............#
...'.).'....(..#............#
...#...#.......#............#
..##...##.....##............#


You could see a centaur and a friendly lightning spire (summoned).

Vanquished Creatures
  A necrophage (D:3)
  An ogre (D:5)
  A centaur zombie (D:5)
  A hound (D:5)
  Jessica (D:2)
  A howler monkey skeleton (D:4)
  An adder (D:5)
  A white imp (D:5)
  A dart slug (D:5)
  An orc (D:4)
  3 ball pythons
  2 endoplasms (D:1)
  A giant cockroach (D:1)
  2 goblins
  4 hobgoblins
  2 jackals (D:1)
  A quokka (D:1)
  A bat (D:1)
  3 frilled lizards
  4 kobolds
  4 rats
37 creatures vanquished.

Vanquished Creatures (collateral kills)
  Grinder (D:3)
  Sigmund (D:2)
  2 ogres
  A gnoll shaman (D:5)
  An iguana (D:5)
  Terence (D:2)
  An orc wizard (D:4)
  5 adders
  9 orcs
  2 bats (D:1)
  An endoplasm (D:3)
  2 giant cockroaches (D:2)
  3 hobgoblins
  6 jackals
  4 kobolds
  4 quokkas
  2 ball pythons
  A frilled lizard (D:3)
  2 goblins
  2 rats (D:1)
51 creatures vanquished.

Vanquished Creatures (others)
  3 minotaurs (D:1)
  A demonspawn (D:1)
  A vine stalker (D:1)
  2 trolls (D:1)
  A vampire (D:1)
  A demigod (D:1)
  A mummy (D:1)
  An ancestor (D:5)
  2 orcs (D:1)
  8 tentacles (D:1)
21 creatures vanquished.

Grand Total: 109 creatures vanquished

Notes
Turn   | Place    | Note
-------+----------+-------------------------------------------
     0 | D:1      | Deminshera the Ogre Summoner began the quest for the Orb.
     0 | D:1      | Reached XP level 1. HP: 16/16 MP: 3/3
     0 | D:1      | Noticed a vampire
     0 | D:1      | Noticed a minotaur
     0 | D:1      | Noticed a demonspawn
     0 | D:1      | Noticed a demigod
     0 | D:1      | Noticed a minotaur
     0 | D:1      | Noticed a kraken
     0 | D:1      | Noticed a vine stalker
     0 | D:1      | Noticed a troll
     0 | D:1      | Noticed a troll
     0 | D:1      | Noticed a minotaur
     4 | D:1      | Killed a troll
     5 | D:1      | Killed a minotaur
     7 | D:1      | Killed a minotaur
     8 | D:1      | Killed a minotaur
     8 | D:1      | Killed a troll
     8 | D:1      | Killed a vine stalker
    10 | D:1      | Killed a demigod
    12 | D:1      | Killed a vampire
    13 | D:1      | Killed a demonspawn
   214 | D:1      | Reached XP level 2. HP: 5/24 MP: 3/5
   686 | D:1      | Learned a level 2 spell: Call Imp
  1539 | D:1      | Reached XP level 3. HP: 26/31 MP: 1/7
  1880 | D:1      | Found a faded altar of an unknown god.
  2103 | D:2      | Learned a level 3 spell: Call Canine Familiar
  2657 | D:2      | Noticed Jessica
  2679 | D:2      | Killed Jessica
  2680 | D:2      | Reached skill level 4 in Summonings
  2680 | D:2      | Reached XP level 4. HP: 21/39 MP: 5/9
  3442 | D:2      | Learned a level 4 spell: Summon Lightning Spire
  3987 | D:2      | Noticed Terence
  4039 | D:2      | Killed Terence
  4458 | D:2      | Reached XP level 5. HP: 45/45 MP: 6/10
  4559 | D:2      | Noticed Sigmund
  4569 | D:2      | Killed Sigmund
  4570 | D:2      | Reached XP level 6. HP: 22/53 MP: 8/12
  4814 | D:2      | Found a stormy altar of Qazlal.
  5157 | D:3      | Noticed Grinder
  5509 | D:3      | Noticed a necrophage
  5518 | D:3      | Killed a necrophage
  5519 | D:3      | Reached skill level 5 in Summonings
  5663 | D:3      | Killed Grinder
  5664 | D:3      | Reached skill level 5 in Spellcasting
  5664 | D:3      | Reached XP level 7. HP: 42/59 MP: 4/14
  6806 | D:4      | Found a hazy altar of Hepliaklqana.
  6811 | D:4      | Became a worshipper of Hepliaklqana the Forgotten
  6829 | D:4      | Reached skill level 6 in Summonings
  7171 | D:5      | Entered Level 5 of the Dungeon
  7504 | D:5      | Reached XP level 8. HP: 30/67 MP: 7/15
  7809 | D:5      | Reached skill level 5 in Air Magic
  7938 | D:5      | Reached * piety under Hepliaklqana
  8848 | D:5      | HP: 1/60 [centaur/arrow (8)]
  8848 | D:5      | Shot with an arrow by a centaur

Illustrated notes

Levels and vault maps discovered:
D:1:      nicolae_arrival_kraken_aquarium_a, layout_loops_ring,
          shapermc_ecumenical_altar_mp_vishouse
D:2:      layout_basic, basic_altar, minivault_4, uniq_terence, uniq_jessica,
          uniq_sigmund
D:3:      layout_rooms, uniq_grinder
D:4:      layout_rooms, worldfamousw_hep_ancestral_shrine
D:5:      kennysheep_six_static_rooms, layout_basic

Skill      XL: |  1  2  3  4  5  6  7  8 |
---------------+-------------------------+-----
Dodging        | 2 |  2.0
Spellcasting   | 3 4 5 |  5.2
Stealth        | 2 |  2.0
Summonings     | 4 5 6 |  6.1
Air Magic      | 2 3 4 5 |  5.3

Action                   |  1- 3 |  4- 6 |  7- 9 || total
-------------------------+-------+-------+-------++-------
Melee: Unarmed           |    74 |       |     7 ||    81
       Dagger            |    54 |    39 |       ||    93
       Short sword       |       |    26 |    87 ||   113
 Cast: Summon Small Mamm |     7 |       |       ||     7
       Call Imp          |     9 |     8 |     6 ||    23
       Call Canine Famil |     2 |    12 |     8 ||    22
       Summon Lightning  |       |     1 |     9 ||    10
Invok: Recall Ancestor   |       |       |     1 ||     1
  Use: Potion            |     1 |       |       ||     1
       Scroll            |       |       |     3 ||     3
 Stab: Distracted        |       |     1 |     2 ||     3
Armor: Robe              |    51 |     7 |    32 ||    90
Dodge: Dodged            |    76 |    17 |    57 ||   150

Table legend: (Time is in decaauts)
 A = Elapsed time spent in this place.
 B = Non-inter-level travel time spent in this place.
 C = Inter-level travel time spent in this place.
 D = Time resting spent in this place.
 E = Time spent auto-exploring this place.
 F = Levels seen in this place.
 G = Mean time per level.
                   A        B        C        D        E       F      G
               +--------+--------+--------+--------+--------+-----+--------+
         Total |   8826 |   8707 |    119 |   4785 |   3001 |   5 | 1765.2 |
       Dungeon |   8826 |   8707 |    119 |   4785 |   3001 |   5 | 1765.2 |
               +--------+--------+--------+--------+--------+-----+--------+

Top non-repeatable levels by time:
     D:2: 3192 daAuts
     D:1: 2045 daAuts
     D:5: 1681 daAuts
     D:3: 1281 daAuts
     D:4: 625 daAuts
